 Dungeon Crawl Stone Soup version 0.17.0-1-g61d176b (webtiles) character file.

1059 inmateoo the Twirler (level 8, 0/62 HPs)
             Began as a Formicid Gladiator on Nov 7, 2015.
             Was a Follower of Cheibriados.
             Slain by a warg (13 damage)
             ... on level 10 of the Dungeon.
             The game lasted 00:08:46 (5829 turns).

inmateoo the Twirler (Formicid Gladiator)           Turns: 5829, Time: 00:08:46

Health: 0/62       AC:  8    Str: 22    XL:     8   Next: 51%
Magic:  17/17      EV:  9    Int: 24    God:    Cheibriados [*.....]
Gold:   272        SH: 10    Dex: 16    Spells: 0 memorised, 7 levels left

rFire  + . .     SeeInvis +     a - +0 quarterstaff
rCold  . . .     Clarity  .     n - +1 scale mail
rNeg   . . .     SustAt   .     q - +0 shield
rPois  .         Gourm    .     (helmet unavailable)
rElec  .         Spirit   .     (no cloak)
rCorr  .         Warding  .     (no gloves)
rMut   .         Stasis   +     (no boots)
MR     .....                    (no amulet)
Stlth  ..........               t - ring of Day {*Corrode rF+ MP+9 Int+7}
                                (no ring)

@: brilliant, lethally poisoned (0 -> -1), very slow, not resistant to hostile
enchantments, extremely unstealthy
A: permanent stasis, dig shafts and tunnels, four strong arms, antennae 3
a: Dig, Shaft Self, Bend Time, Renounce Religion


You were on level 10 of the Dungeon.
You worshipped Cheibriados.
Cheibriados was aware of your devotion.
You were near starving.

You visited 2 branches of the dungeon, and saw 10 of its levels.

You collected 272 gold pieces.

Inventory:

Hand Weapons
 a - a +0 quarterstaff (weapon)
Armour
 n - a +1 scale mail (worn)
 q - a +0 shield (worn)
Jewellery
 c - a +4 ring of evasion {unknown}
 t - the ring of Day (right hand) {*Corrode rF+ MP+9 Int+7}
   (You found it on level 4 of the Dungeon)

   [ring of protection from fire]

   It affects your intelligence (+7).
   It protects you from fire.
   It affects your magic capacity (+9).
   It may corrode your equipment when you take damage.
Scrolls
 b - a scroll of fog
 j - a scroll of amnesia
 l - a scroll of remove curse
 m - a scroll of enchant armour
Potions
 e - a potion of magic
 f - a potion of resistance
 s - a potion of invisibility {unknown}
 u - a potion of beneficial mutation {unknown}
 v - a potion of brilliance
 x - 3 potions of flight
Comestibles
 d - 3 bread rations
 i - 2 meat rations
 k - a royal jelly
 o - a beef jerky
 w - 2 slices of pizza
 z - a chunk of flesh


   Skills:
 + Level 5.2 Fighting
 * Level 7.0 Staves
 - Level 1.5 Throwing
 + Level 4.3 Armour
 - Level 3.1 Dodging
 + Level 3.1 Shields


You had 7 spell levels left.
You didn't know any spells.

Dungeon Overview and Level Annotations

Branches:
Dungeon (10/15)            Temple (1/1) D:4            Lair (0/8) D:9
    Orc (0/4) D:9

Altars:
Cheibriados
Nemelex Xobeh
Okawaru
Qazlal
Sif Muna
Zin

Shops:
D:4 %

Annotations:
D:7 Duvessa


Innate Abilities, Weirdness & Mutations

You are under a permanent stasis effect.
You can dig through walls and to a lower floor.
Your four strong arms can wield two-handed weapons with a shield.
You have a pair of large antennae on your head (SInv).


Message History

You feel sick.
The orc shouts!
The warg moves out of view.
The orc priest moves out of view.
Found 16 gold pieces.
Found a staircase to the Orcish Mines.
An orc comes into view. It is wielding a hand axe.
There is a stone staircase leading down here.
The orc shouts!
The warg bites you.
* * * LOW HITPOINT WARNING * * *
You climb downwards.
An adder comes into view.
There is a stone staircase leading up here.
Unknown command.
Unknown command.
Unknown command.
Unknown command.
Drink which item? (? for menu, Esc to quit)
It was a potion of cure mutation.
It has a very clean taste.
You block the warg's attack. The warg bites you!
You die...

..#
..#######
.........
#......
#.....
##S..#
##.h.##
#..@..#
#.......#
#...###...#
.....#
#...# .....
#...# #...
#... #..
#.. ##. ..


You could see a warg and an adder.

Vanquished Creatures
  A phantom (D:4)
  A centaur (D:5)
  3 ogres
  A giant frog (D:6)
  Dowan (D:7)
  A crimson imp (D:6)
  A hound (D:4)
  2 orc priests
  Ijyb (D:4)
  2 orc wizards
  6 worker ants
  7 adders
  3 gnolls (D:3)
  An ooze (D:3)
  An adder skeleton (D:5)
  3 worms
  7 orcs
  A ball python (D:4)
  10 bats
  2 giant cockroaches (D:2)
  14 goblins
  7 hobgoblins
  7 kobolds
  5 quokkas
  A giant gecko skeleton (D:4)
  5 giant newts
  15 jackals
  A quokka skeleton (D:4)
  2 rats
112 creatures vanquished.

Notes
Turn   | Place    | Note
--------------------------------------------------------------
     0 | D:1      | inmateoo the Formicid Gladiator began the quest for the Orb.
     0 | D:1      | Reached XP level 1. HP: 16/16 MP: 1/1
   227 | D:1      | Reached XP level 2. HP: 20/23 MP: 2/2
   810 | D:1      | Reached XP level 3. HP: 18/28 MP: 3/3
  1360 | D:2      | Found a deep blue altar of Sif Muna.
  1567 | D:2      | Found a glowing silver altar of Zin.
  1697 | D:2      | Reached XP level 4. HP: 34/34 MP: 4/4
  1734 | D:2      | Reached skill level 4 in Staves
  1975 | D:3      | Reached skill level 1 in Armour
  1975 | D:3      | Reached XP level 5. HP: 19/41 MP: 5/5
  2809 | D:4      | Found a sparkling altar of Nemelex Xobeh.
  2820 | D:4      | Reached XP level 6. HP: 35/47 MP: 6/6
  2945 | D:4      | Reached skill level 5 in Staves
  3117 | D:4      | Noticed a phantom
  3148 | D:4      | Killed a phantom
  3328 | D:4      | Found Xoekhok's Food Shop.
  3448 | D:4      | Reached XP level 7. HP: 48/54 MP: 7/7
  3580 | D:4      | Found a staircase to the Ecumenical Temple.
  3597 | Temple   | Entered the Ecumenical Temple
  3606 | Temple   | Became a worshipper of Cheibriados the Contemplative
  3683 | D:4      | Found an iron altar of Okawaru.
  3746 | D:4      | Got a shimmering glass ring
  3856 | D:4      | Noticed Ijyb
  3876 | D:4      | Killed Ijyb
  4088 | D:4      | Identified the ring of Day {*Corrode rF+ MP+9 Int+7} (You found it on level 4 of the Dungeon)
  4176 | D:4      | Reached skill level 1 in Shields
  4457 | D:4      | Reached * piety under Cheibriados
  4476 | D:4      | Reached skill level 6 in Staves
  4660 | D:5      | Entered Level 5 of the Dungeon
  5018 | D:5      | Found a stormy altar of Qazlal.
  5020 | D:5      | Noticed an air elemental
  5026 | D:5      | Noticed a fire elemental
  5026 | D:5      | Noticed a water elemental
  5240 | D:5      | Reached XP level 8. HP: 37/61 MP: 8/8
  5651 | D:6      | Reached skill level 5 in Fighting
  5773 | D:6      | You are sucked into a shaft!
  5773 | D:7      | Noticed Duvessa
  5773 | D:7      | Noticed Dowan
  5807 | D:7      | Killed Dowan
  5807 | D:7      | Reached skill level 7 in Staves
  5824 | D:7      | You fall through a shaft for 2 floors!
  5824 | D:9      | Found a staircase to the Lair.
  5825 | D:9      | Found a staircase to the Orcish Mines.
  5828 | D:10     | Entered Level 10 of the Dungeon
  5829 | D:10     | Slain by a warg

Action                   |  1- 3 |  4- 6 |  7- 9 || total
-------------------------+-------+-------+-------++-------
Melee: Quarterstaff      |    95 |   140 |   198 ||   433
Throw: Throwing net      |       |     6 |     5 ||    11
Invok: Bend Time         |       |       |     1 ||     1
 Abil: Dig               |       |       |     5 ||     5
       Shaft Self        |       |       |     2 ||     2
  Use: Scroll            |     5 |     4 |     7 ||    16
       Potion            |       |       |    11 ||    11
 Stab: Held in net/web   |       |     4 |     1 ||     5
  Eat: Chunk             |     3 |     5 |     6 ||    14
